 Dungeon Crawl Stone Soup version 0.31.0-12-g77e489cdc1 (webtiles) character file.

Game seed: 17619874076550593142

191 jagang the Slasher (level 5, -2/42 HPs)
             Began as a Human Monk on Feb 29, 2024.
             Killed by psychic fangs
             ... invoked by a brain worm
              (8 damage)
             ... in a sewer on Mar 1, 2024.
             The game lasted 00:05:33 (2207 turns).

jagang the Slasher (Human Monk)                     Turns: 2207, Time: 00:05:33

Health: -2/42      AC: 19    Str: 11    XL:     5   Next: 70%
Magic:  1/5        EV:  2    Int: 10    God:
Gold:   41         SH:  5    Dex: 18    Spells: 4/4 levels left

rFire   . . .        l - +2 short sword (protect)
rCold   . . .        q - +0 buckler
rNeg    . . .        k - +0 plate armour
rPois   .            (no helmet)
rElec   .            i - +0 cloak
rCorr   .            (no gloves)
SInv    .            (no boots)
Will    .....        (no amulet) Stlth
                     (no ring)
HPRegen 0.27/turn    (no ring)
MPRegen 0.09/turn

%: no passive effects
@: under a protective aura, very slow
A: explore regen
a: no special abilities


You were in a sewer.
You visited 1 branch of the dungeon, and saw 3 of its levels.
You also visited: Sewer.

You collected 95 gold pieces.
You spent 54 gold pieces at shops.

Inventory:

Hand Weapons
 a - a +0 falchion
 l - a +2 short sword of protection (weapon)
Missiles
 o - 9 poisoned darts (quivered)
Armour
 i - a +0 cloak (worn)
 k - a +0 plate armour (worn)
 q - a +0 buckler (worn)
Scrolls
 b - a scroll of immolation {unknown}
 e - 3 scrolls of enchant weapon
 h - a scroll of noise {unknown}
 j - a scroll of brand weapon {unknown}
 n - 2 scrolls of identify {unknown}
 p - a scroll of teleportation {unknown}
 u - a scroll of enchant armour {unknown}
 v - a scroll of revelation {unknown}
Potions
 c - a potion of ambrosia
 d - a potion of degeneration {unknown}
 f - 2 potions of haste {unknown}
 g - 2 potions of might {unknown}
 m - a potion of berserk rage {unknown}
 r - a potion of heal wounds {unknown}
 s - a potion of brilliance {unknown}
 t - a potion of magic {unknown}


   Skills:
 * Level 4.1 Fighting
 * Level 4.2 Long Blades
 * Level 2.4 Armour
 - Level 3.0 Dodging
 + Level 1.4 Shields


You had 4 spell levels left.
You didn't know any spells.
Your spell library contained the following spells:

 Spells                   Type           Power      Damage    Failure   Level
 Shock                    Conj/Air       0%         1d3       100%        1
 Lesser Beckoning         Tloc           0%         N/A       100%        2
 Call Canine Familiar     Summ           0%         N/A       100%        3
 Gell's Gravitas          Tloc           0%         N/A       100%        3
 Sigil of Binding         Hex            0%         N/A       100%        3
 Swiftness                Air            0%         N/A       100%        3
 Teleport Other           Tloc           0%         N/A       100%        3
 Airstrike                Air            0%         2d(0-16)  100%        4
 Dimensional Bullseye     Hex/Tloc       0%         N/A       100%        4


Dungeon Overview and Level Annotations

Branches:
Dungeon (3/15)              Sewer (1/1)

Altars:

Shops:
D:1 [


Innate Abilities, Weirdness & Mutations

You regain HP and MP as you explore.


Message History

Something gnaws on your mind!
You feel your power leaking away.
You barely miss the brain worm.
The brain worm is lightly wounded.
The brain worm's bulging head throbs.
Something gnaws on your mind!
You feel your power leaking away.
You are too injured to fight recklessly!
You are too injured to fight recklessly!
You are too injured to fight recklessly!
You are too injured to fight recklessly!
You are too injured to fight recklessly!
You are too injured to fight recklessly!
You are too injured to fight recklessly!
You are too injured to fight recklessly!
You are too injured to fight recklessly!
You are too injured to fight recklessly!
You are too injured to fight recklessly!
You are too injured to fight recklessly!
You are too injured to fight recklessly!
You are too injured to fight recklessly!
You are too injured to fight recklessly!
You are too injured to fight recklessly!
Your unstable footing causes you to fumble your attack.
The brain worm bites you.
You barely miss the brain worm.
The brain worm is lightly wounded.
The brain worm bites you.
* * * LOW HITPOINT WARNING * * *
You hit the brain worm but do no damage.
Your weapon exudes an aura of protection.
Your unstable footing causes you to fumble your attack.
The brain worm's throbbing head pulsates.
Something gnaws on your mind!
* * * LOW HITPOINT WARNING * * *
You feel your power leaking away.
You hit the brain worm but do no damage.
The brain worm's bulging head throbs.
Something gnaws heavily on your mind!
You die...

########################
...~~~~~~~......@w..~~~.
.~..~~~~~~~..........~..
#######.################
#†# #~# #~# #.# #.# #~#


You could see a brain worm.

Vanquished Creatures
  A brain worm (Sewer)
  7 adders
  2 river rats (Sewer)
  A dart slug (D:1)
  4 bats
  5 endoplasms
  4 giant cockroaches
  A goblin (D:3)
  6 hobgoblins
  2 ball pythons
  5 frilled lizards
  4 kobolds
  9 rats
51 creatures vanquished.

Notes
Turn   | Place    | Note
-------+----------+-------------------------------------------
     0 | D:1      | jagang the Human Monk began the quest for the Orb.
     0 | D:1      | Reached XP level 1. HP: 18/18 MP: 1/1
    38 | D:1      | Reached XP level 2. HP: 24/24 MP: 2/2
   243 | D:1      | Found Joza's Armour Emporium.
   487 | D:1      | Reached skill level 1 in Armour
   642 | D:2      | Reached XP level 3. HP: 29/29 MP: 3/3
  1240 | D:2      | Reached XP level 4. HP: 31/35 MP: 4/4
  1481 | D:1      | Bought a +0 buckler for 54 gold pieces
  1612 | D:3      | Found a glowing drain.
  1636 | Sewer    | Entered a sewer
  1669 | Sewer    | Reached skill level 1 in Shields
  1808 | Sewer    | Noticed a brain worm
  1814 | Sewer    | Reached XP level 5. HP: 42/42 MP: 5/5
  2207 | Sewer    | Killed from afar by a brain worm

Illustrated notes

Levels and vault maps discovered:
D:1:      psy_arrival_spokes, layout_rooms, serial_shops, shop_fountains,
          kennysheep_decorative_pillar, minmay_worlds_worst_comb
D:2:      layout_basic
D:3:      layout_basic, dk_yredelemnul_ordeal,
          dreamdust_ecumenical_altar_statues, cheibrodos_sewer_entry_sluice
Sewer:    sewer_co_cracked_pipes

Skill      XL: |  1  2  3  4  5 |
---------------+----------------+-----
Armour         | 1 2 |  2.4
Shields        | 1 |  1.4
Long Blades    | 4 |  4.2
Fighting       | 4 |  4.1
Dodging        | |  3.0

Action                     |  1- 3 |  4- 6 || total
---------------------------+-------+-------++-------
  Melee: Falchion          |    45 |       ||    45
         Short sword       |    39 |   155 ||   194
    Use: Scroll            |     1 |       ||     1
 Armour: Robe              |     3 |       ||     3
         Ring mail         |    30 |       ||    30
         Leather armour    |     7 |       ||     7
         Plate armour      |     5 |   142 ||   147
  Dodge: Dodged            |    40 |    10 ||    50
  Block: Buckler           |       |    33 ||    33
